 Dungeon Crawl Stone Soup version 0.29.1-1-gd02db6906a (webtiles) character file.

Game seed: 2122498044667839569

45 LustLizard the Vexing (level 3, 0/18 HPs)
             Began as a Spriggan Arcane Marksman on Sept 26, 2022.
             Succumbed to a kobold's poison
             ... on level 3 of the Dungeon.
             The game lasted 00:02:03 (1170 turns).

LustLizard the Vexing (Spriggan Arcane Marksman)    Turns: 1170, Time: 00:02:03

Health: 0/18       AC:  2    Str:  6    XL:     3   Next: 42%
Magic:  6/6        EV: 17    Int: 14    God:
Gold:   62         SH:  5    Dex: 17    Spells: 3/4 levels left

rFire   + . .      SeeInvis +   a - +1 sling
rCold   + . .      Faith    .   (no shield)
rNeg    . . .      Spirit   .   c - +0 robe
rPois   +          Reflect  +   (helmet restricted)
rElec   +          Harm     .   (no cloak)
rCorr   +          Rampage  .   (gloves unavailable)
Will    .....                   (boots unavailable)
Stlth   ++........              f - amulet of reflection
HPRegen 0.06/turn               (no ring)
MPRegen 0.10/turn               (no ring)

@: lethally poisoned (0 -> -4), resistant, very quick
A: very small, no large weapons, unfitting armour, see invisible, speed 3
a: no special abilities


You were on level 3 of the Dungeon.
You visited 1 branch of the dungeon, and saw 3 of its levels.

You collected 62 gold pieces.

Inventory:

Hand Weapons
 a - a +1 sling (weapon)
Armour
 c - a +0 robe (worn)
Jewellery
 f - an amulet of reflection (around neck)
 l - a ring of poison resistance
Scrolls
 b - 2 scrolls of poison
 e - a scroll of torment
 j - a scroll of identify
Potions
 h - 2 potions of might
 k - a potion of haste


   Skills:
 + Level 1.2 Fighting
 * Level 2.8 Ranged Weapons
 - Level 2.6 Dodging
 * Level 2.7 Stealth
 - Level 1.3 Spellcasting
 - Level 4.0 Hexes


You had 3 spell levels left.
You knew the following spells:

 Your Spells              Type           Power      Damage    Failure   Level
a - Slow                  Hex            48%        N/A       4%          1

Your spell library contained the following spells:

 Spells                   Type           Power      Damage    Failure   Level
 Inner Flame              Hex/Fire       6%         N/A       32%         3
 Portal Projectile        Hex/Tloc       12%        N/A       32%         3
 Cause Fear               Hex            6%         N/A       43%         4


Dungeon Overview and Level Annotations

Branches:
Dungeon (3/15)

Altars:


Innate Abilities, Weirdness & Mutations

You are very small and have problems with some larger weapons.
You are too small for most types of armour.
You have supernaturally acute eyesight. (SInv)
You cover ground extremely quickly. (Speed+++)


Message History

You shoot a sling bullet. The sling bullet hits the kobold.
The kobold is moderately wounded.
The kobold throws a poisoned dart.
The poisoned dart hits you!
You are poisoned.
The kobold throws a poisoned dart.
The poisoned dart hits you!
You are lethally poisoned!
You shoot a sling bullet. The sling bullet hits the kobold.
You kill the kobold!
You feel very sick.
No target in view!
No target in view!
There is a lethal amount of poison in your body!
Unknown command.
You feel protected.
You feel very sick.
Okay, then.
Blink to where?
Press: ? - help, Dir - move target, f - you Are you sure you want to cancel this blink?
Okay, then.
As you read the scroll labelled SOFROI PUMEA, it crumbles to dust.
It was a scroll of blinking.
You feel very sick.
As you read the scroll labelled YSSYOD CEUGA, it crumbles to dust.
You assume a fearsome visage.
Nothing appears to happen.
It was a scroll of fear.
* * * LOW HITPOINT WARNING * * *
You feel sick.
As you read the scroll labelled EMOATO GUABYM, it crumbles to dust.
You hear a loud clanging noise!
It was a scroll of noise.
* * * LOW HITPOINT WARNING * * *
You feel sick.
You hear a shout! x2; You hear an angry hiss. x2
There is a lethal amount of poison in your body!
* * * LOW HITPOINT WARNING * * *
You feel sick.
* * * LOW HITPOINT WARNING * * *
You feel sick.
You die...

#######
#####.....#
#...)..@..#
......#####
....< #.##
#


There were no monsters in sight!

Vanquished Creatures
  An adder (D:2)
  A worm (D:2)
  5 bats
  2 endoplasms (D:1)
  2 giant cockroaches
  2 goblins
  2 hobgoblins (D:1)
  4 kobolds
  2 quokkas
  A ball python (D:1)
  4 frilled lizards
  7 rats
33 creatures vanquished.

Notes
Turn   | Place    | Note
-------+----------+-------------------------------------------
     0 | D:1      | LustLizard the Spriggan Arcane Marksman began the quest for
                  | the Orb.
     0 | D:1      | Reached XP level 1. HP: 9/9 MP: 3/3
   160 | D:1      | Reached skill level 1 in Stealth
   169 | D:1      | Reached XP level 2. HP: 14/14 MP: 5/5
   211 | D:1      | Found a faded altar of an unknown god.
   227 | D:1      | Reached skill level 1 in Fighting
   561 | D:1      | Reached skill level 4 in Hexes
   750 | D:2      | Reached XP level 3. HP: 15/18 MP: 6/6
  1170 | D:3      | Succumbed to a kobold's poison

Illustrated notes

Levels and vault maps discovered:
D:1:      noname_arrival_rooms_in_the_neighbourhood, layout_loops_cross,
          ebering_ecumenical_altar_sacrificial
D:2:      layout_rooms
D:3:      cheibrodos_helix_gallery, layout_loops_ring, general_overflow_altar

Skill      XL: |  1  2 |
---------------+-------+-----
Stealth        | 1 2 |  2.7
Fighting       | 1 |  1.2
Hexes          | 4 |  4.0
Ranged Weapons | |  2.8
Dodging        | |  2.6
Spellcasting   | |  1.3

Action                   || total
-------------------------++-------
 Fire: Sling             ||    86
  Use: Scroll            ||     8
       Potion            ||     1
Armor: Robe              ||     4
Dodge: Dodged            ||    20
Block: Other             ||     4
